 Dungeon Crawl Stone Soup version 0.26.1-11-gd32895ea62 (webtiles) character file.

Game seed: 8078039492200719100

198 bigdumb the Shield-Bearer (level 5, -2/45 HPs)
             Began as a Demigod Fighter on June 19, 2021.
             Slain by an iguana (10 damage)
             ... on level 6 of the Dungeon.
             The game lasted 00:02:54 (2235 turns).

bigdumb the Shield-Bearer (Demigod Fighter)         Turns: 2235, Time: 00:02:54

Health: -2/45      AC:  4    Str: 19    XL:     5   Next: 23%
Magic:  7/7        EV: 10    Int: 12    God:
Gold:   101        SH:  9    Dex: 17    Spells: 4/4 levels left

rFire    . . .     SeeInvis .   r - +0 falchion
rCold    . . .     Faith    .   c - +0 kite shield
rNeg     . . .     Spirit   .   f - +0 leather armour
rPois    .         Reflect  .   (no helmet)
rElec    .         Harm     .   p - +0 cloak
rCorr    .         Rampage  .   (no gloves)
Will     .....                  (no boots)
Stlth    ++........             (no amulet)
HPRegen  0.15/turn              (no ring)
MPRegen  0.10/turn              (no ring)

@: no status effects
A: high mp 1
a: no special abilities


You were on level 6 of the Dungeon.
You visited 2 branches of the dungeon, and saw 5 of its levels.

You collected 101 gold pieces.

Inventory:

Hand Weapons
 a - a +1 rapier
 r - a +0 falchion (weapon)
Armour
 b - a +0 scale mail
 c - a +0 kite shield (worn)
 f - a +0 leather armour (worn)
 p - a +0 cloak (worn)
Scrolls
 e - a scroll of noise {unknown}
 i - 4 scrolls of identify {unknown}
 l - 2 scrolls of amnesia {unknown}
 o - a scroll of remove curse {unknown}
 q - a scroll of teleportation {unknown}
Potions
 d - a potion of might
 g - a potion of flight {unknown}
 h - a potion of brilliance {unknown}
 j - a potion of haste {unknown}
 k - a potion of attraction {unknown}
 m - a potion of heal wounds {unknown}
 n - a potion of resistance {unknown}


   Skills:
 + Level 3.3 Fighting
 + Level 3.0 Short Blades
 + Level 3.0 Armour
 * Level 1.9 Dodging
 * Level 1.9 Stealth
 + Level 3.3 Shields


You had 4 spell levels left.
You didn't know any spells.
Your spell library contained the following spells:

 Spells                   Type           Power        Failure   Level
 Confusing Touch          Hex            0%           99%         3
 Gell's Gravitas          Tloc           0%           99%         3
 Petrify                  Tmut/Erth      0%           100%        4
 Metabolic Englaciation   Hex/Ice        0%           100%        5
 Yara's Violent Unravell  Hex/Tmut       0%           100%        5


Dungeon Overview and Level Annotations

Branches:
Dungeon (6/15)             Temple (1/1) D:6


Innate Abilities, Weirdness & Mutations

You have an increased reservoir of magic. (+10% MP)


Message History

The iguana bites you!
You are too injured to fight recklessly!
You are too injured to fight recklessly!
You are too injured to fight recklessly!
You are too injured to fight recklessly!
You are too injured to fight recklessly!
You are too injured to fight recklessly!
You are too injured to fight recklessly!
You are too injured to fight recklessly!
You are too injured to fight recklessly!
You are too injured to fight recklessly!
You are too injured to fight recklessly!
You are too injured to fight recklessly!
r - a +0 falchion (weapon)
The iguana bites you!
* * * LOW HITPOINT WARNING * * *
You hit the iguana but do no damage.
The iguana is severely wounded.
The iguana bites you!
You die...

.......####.....#
#####
................
..... ..?...........#
.....#
....#.........#
.....#
............#.#
#.....#
.............###....#
..........#†..#...#
.......l...#.....#
....#..@#####.>.##
....#...†..#.....#
... ##.#..#...#...#
...........###....#
....$.....#.# #..##
###..........# ..#
#..........# ..#
#..(......... ##
#.............


You could see an iguana.

Vanquished Creatures
  A bullfrog (D:6)
  A jelly (D:6)
  Crazy Yiuf (D:2)
  An iguana (D:6)
  An adder (D:2)
  2 dart slugs
  2 leopard geckos
  A ball python (D:2)
  5 bats
  2 giant cockroaches (D:1)
  4 goblins (D:1)
  4 hobgoblins
  2 jackals (D:1)
  6 frilled lizards
  7 kobolds
  5 rats
45 creatures vanquished.

Notes
Turn   | Place    | Note
-------+----------+-------------------------------------------
     0 | D:1      | bigdumb the Demigod Fighter began the quest for the Orb.
     0 | D:1      | Reached XP level 1. HP: 18/18 MP: 3/3
    98 | D:1      | Reached XP level 2. HP: 25/25 MP: 4/4
  1162 | D:2      | Reached XP level 3. HP: 24/30 MP: 5/5
  1301 | D:2      | Found a runed translucent door.
  1302 | D:2      | Noticed Crazy Yiuf
  1321 | D:2      | Reached skill level 1 in Stealth
  1549 | D:2      | Reached skill level 1 in Dodging
  1845 | D:2      | Killed Crazy Yiuf
  1927 | D:3      | Found a hide-covered altar of Uskayaw.
  1929 | D:3      | Noticed a +0 hand axe
  1929 | D:3      | Noticed a +0 dagger
  2031 | D:3      | Reached XP level 4. HP: 35/38 MP: 6/6
  2071 | D:3      | You fall into a shaft and drop 3 floors!
  2071 | D:6      | Found a staircase to the Ecumenical Temple.
  2072 | D:6      | Noticed a bullfrog
  2086 | D:6      | Killed a bullfrog
  2087 | D:6      | Reached XP level 5. HP: 34/45 MP: 7/7
  2093 | Temple   | Entered the Ecumenical Temple
  2235 | D:6      | Slain by an iguana

Illustrated notes

Levels and vault maps discovered:
D:1:      psy_arrival_whirlpool, layout_basic
D:2:      layout_basic, uniq_crazy_yiuf_cottage
D:3:      cheibrodos_old_hovel, layout_basic, dancing_weapons_uskayaw,
          kennysheep_generic_room_2
D:6:      layout_basic, minmay_temple_entry_arrows, uniq_maggie
Temple:   eino_narrow_crystal_temple

Skill      XL: |  1  2  3  4  5 |
---------------+----------------+-----
Short Blades   | 2 3 |  3.0
Shields        | 3 |  3.3
Stealth        | 1 |  1.9
Fighting       | 3 |  3.3
Dodging        | 1 |  1.9
Armour         | 3 |  3.0

Action                   |  1- 3 |  4- 6 || total
-------------------------+-------+-------++-------
Melee: Rapier            |   106 |    22 ||   128
       Falchion          |       |     1 ||     1
  Use: Scroll            |     1 |       ||     1
 Stab: Sleeping          |       |     1 ||     1
Armor: Scale mail        |    21 |       ||    21
       Leather armour    |     6 |     4 ||    10
Dodge: Dodged            |    41 |     5 ||    46
Block: Kite shield       |    57 |     8 ||    65
